 Dungeon Crawl Stone Soup version 0.31.0-11-ge490571c62 (webtiles) character file.

Game seed: 9716059317936487188

6083 Yore the Fighter (level 10, -7/68 HPs)
             Began as a Gargoyle Fighter on Feb 3, 2024.
             Was a Believer of the Shining One.
             Mangled by a troll (10 damage)
             ... on level 9 of the Dungeon.
             The game lasted 00:20:54 (10062 turns).

Yore the Fighter (Gargoyle Fighter)                Turns: 10062, Time: 00:20:55

Health: -7/68      AC: 15    Str: 21    XL:     10   Next: 88%
Magic:  14/14      EV: 10    Int: 14    God:    the Shining One [**....]
Gold:   339        SH:  5    Dex: 17    Spells: 9/9 levels left

rFire   + . .        v - +2 whip (elec)
rCold   + + +        c - +0 buckler
rNeg    + + .        d - +2 leather armour of Responsibility {rC++}
rPois   ∞            (no helmet)
rElec   +            h - +0 cloak
rCorr   .            b - +0 pair of gloves
SInv    .            (no boots)
Will    .....        z - amulet of the acrobat
Stlth   +            H - ring of Roasuuti {rF+ rC+ Int+4 Stlth+}
HPRegen 0.31/turn    u - +6 ring of dexterity
MPRegen 0.14/turn

%: acrobat
@: about to teleport, glowing
A: sickness immunity, AC +7, negative energy resistance 1, electricity
resistance, torment resistance 1, petrification resistance
a: Renounce Religion, Divine Shield


You were on level 9 of the Dungeon.
You worshipped the Shining One.
The Shining One was pleased with you.
You visited 1 branch of the dungeon, and saw 10 of its levels.
You also visited: Bailey.

You collected 614 gold pieces.
You spent 275 gold pieces at shops.

Inventory:

Hand Weapons
 f - a +3 morningstar
 v - a +2 whip of electrocution (weapon)
Missiles
 m - 2 throwing nets
 s - 3 boomerangs (quivered)
Armour
 b - a +0 pair of gloves (worn)
 c - a +0 buckler (worn)
 d - the +2 leather armour of Responsibility (worn) {rC++}
   (You found it on level 7 of the Dungeon)

   rC++:      It greatly protects you from cold.
 h - a +0 cloak (worn)
Jewellery
 j - a ring of protection from fire
 u - a +6 ring of dexterity (right hand)
 z - an amulet of the acrobat (around neck)
 A - a ring of ice
 H - the ring of Roasuuti (left hand) {rF+ rC+ Int+4 Stlth+}
   (You took it off an orc on level 8 of the Dungeon)

   [ring of protection from cold]

   Int+4:     It affects your intelligence (+4).
   rF+:       It protects you from fire.
   rC+:       It protects you from cold.
   Stlth+:    It makes you more stealthy.
Wands
 l - a wand of digging (9)
 E - a wand of flame (18)
 G - a wand of charming (3)
Scrolls
 e - a scroll of blinking
 g - a scroll of teleportation
 n - 2 scrolls of noise
 p - 2 scrolls of fog
 y - a scroll of enchant armour {unknown}
 C - a scroll of summoning {unknown}
Potions
 a - a potion of lignification
 i - a potion of curing
 q - 5 potions of heal wounds
 r - a potion of might
 t - 3 potions of enlightenment {unknown}
 w - a potion of berserk rage {unknown}
 x - 5 potions of haste
 B - a potion of cancellation {unknown}
 D - a potion of resistance
 F - 2 potions of brilliance


   Skills:
 * Level 10.4 Fighting
 * Level 8.3 Maces & Flails
 - Level 5.0 Throwing
 + Level 7.8 Armour
 - Level 4.0 Shields
 + Level 6.4 Invocations


You had 9 spell levels left.
You didn't know any spells.
Your spell library contained the following spells:

 Spells                   Type           Power      Damage    Failure   Level
 Apportation              Tloc           0%         N/A       38%         1
 Shock                    Conj/Air       0%         1d3       38%         1
 Jinxbite                 Hex            0%         N/A       52%         2
 Stone Arrow              Conj/Erth      0%         3d7       77%         3
 Swiftness                Air            0%         N/A       77%         3
 Airstrike                Air            0%         2d(0-16)  99%         4
 Animate Armour           Summ/Erth      0%         N/A       99%         4
 Cause Fear               Hex            0%         N/A       99%         4
 Alistair's Intoxication  Alch           0%         N/A       100%        5
 Fireball                 Conj/Fire      0%         3d3       100%        5
 Yara's Violent Unravell  Hex/Alch       0%         3d3       100%        5
 Enfeeble                 Hex            0%         N/A       100%        7
 Lehudib's Crystal Spear  Conj/Erth      0%         10d2      100%        8
 Dragon's Call            Summ           0%         N/A       100%        9


Dungeon Overview and Level Annotations

Branches:
Dungeon (10/15)            Temple (0/1) D:4          Bailey (visited)
   Lair: D:8-11         Orc: D:9-12

Altars:
Dithmenos
Gozag
Okawaru
Ru
Yredelemnul
The Shining One

Shops:
D:6 :!   D:8 ?

Annotations:
D:3 1 runed translucent door, TheBioAlchemist's ghost, amateur DrSh
D:10 Josephine


Innate Abilities, Weirdness & Mutations

You are immune to sickness and miasma.
Your stone body is resilient. (AC +7)
You are immune to poison.
You resist negative energy. (rN+)
You are resistant to electric shocks. (rElec)
You are resistant to unholy torment.
You are immune to petrification.


Message History

The boomerang completely misses the komodo dragon.
The unseen horror completely misses you.
Your surroundings suddenly seem different.
A cyclops, a four-headed hydra and a wight come into view.
The wight is wielding a +2 great sword of freezing.
The cyclops shouts!
The four-headed hydra roars!
You hear a croak.
The wight misses you.
You hear a shout! x2
Unknown command.
As you read the scroll of teleportation, it crumbles to dust.
You feel strangely unstable.
A centaur comes into view.
A bullfrog comes into view.
The wight misses you.
The centaur wields a +0 orcbow.
The centaur shoots an arrow.
The arrow hits you! The wight barely misses you.
The wight completely misses you. The wight closely misses you.
You block the bullfrog's attack.
A two-headed ogre comes into view.
It is wielding a +0 giant club and a +0 dire flail.
Your surroundings suddenly seem different.
A troll comes into view.
The two-headed ogre moves out of view.
A wight comes into view. It is wielding a +4 battleaxe.
You hit the troll.
The troll is lightly wounded.
You block the troll's attack. The troll barely misses you. The troll claws you.
You hit the troll but do no damage.
The troll is lightly wounded.
The troll bites you but does no damage. The troll claws you but does no damage.
The troll claws you.
You barely miss the troll.
The troll is lightly wounded.
The troll bites you!
* * * LOW HITPOINT WARNING * * *
You block the troll's attack. The troll claws you but does no damage.
Unknown command.
As you read the scroll of teleportation, it crumbles to dust.
You feel strangely unstable. The troll bites you!
* * * LOW HITPOINT WARNING * * *
The troll claws you!
You die...

..♣...###
♣♣♣.♣.....
........#
##.......###
...........
#.####......###.
#.....T.........
#......@....#
#....z####......
##... ...#. .#
.... .... ..#
... ### ..#. .#
# ..#. ####. #..
.....###C#
........c#


You could see a troll and a wight.

Vanquished Creatures
  Pikel (D:5)
  A troll (D:8)
  Grinder (D:4)
  Sigmund (D:4)
  A yak (shapeshifter) (D:8)
  A wraith (D:10)
  2 wyverns (D:8)
  2 yaks (D:8)
  A steam dragon (D:8)
  4 water moccasins
  6 orc warriors
  2 ice beasts
  An ogre (D:5)
  4 centaurs
  A phantom (D:5)
  3 kobold brigands
  Blork the orc (D:6)
  2 bullfrogs
  A scorpion (D:6)
  A gnoll sergeant (D:9)
  5 wights (D:7)
  3 killer bees (D:8)
  4 howler monkeys
  An electric eel (D:8)
  2 bombardier beetles
  3 jellies
  6 orc priests
  2 gnoll boudas
  5 hounds
  A sleepcap (D:8)
  An iguana (D:5)
  13 orc wizards
  A hound zombie (D:3)
  10 gnolls
  7 adders
  3 white imps
  An adder zombie (D:3)
  A dart slug (D:2)
  A ribbon worm (D:3)
  52 orcs
  9 endoplasms
  4 giant cockroaches
  4 goblins
  8 hobgoblins
  A jackal (D:5)
  7 quokkas
  6 ball pythons
  4 bats
  4 frilled lizards
  20 kobolds
  4 rats
  A spectral kobold (D:2)
231 creatures vanquished.

Notes
Turn   | Place    | Note
-------+----------+-------------------------------------------
     0 | D:1      | Yore the Gargoyle Fighter began the quest for the Orb.
     0 | D:1      | Reached XP level 1. HP: 14/14 MP: 1/1
    90 | D:1      | Reached XP level 2. HP: 14/19 MP: 2/2
   822 | D:1      | Reached XP level 3. HP: 24/24 MP: 3/3
  1402 | D:2      | Found a faded altar of an unknown god.
  2222 | D:3      | Reached XP level 4. HP: 25/29 MP: 4/4
  2342 | D:3      | Found a runed translucent door.
  2349 | D:3      | Noticed TheBioAlchemist's ghost (amateur DrSh)
  2464 | D:3      | Reached skill level 4 in Fighting
  2507 | D:3      | Reached XP level 5. HP: 7/34 MP: 5/5
  2956 | D:3      | Found a glowing golden altar of the Shining One.
  2967 | D:3      | Became a worshipper of the Shining One
  3197 | D:3      | Found a basalt altar of Yredelemnul.
  3582 | D:4      | Found a staircase to the Ecumenical Temple.
  3601 | D:4      | Reached skill level 5 in Fighting
  3601 | D:4      | Reached skill level 1 in Invocations
  3601 | D:4      | Reached XP level 6. HP: 40/40 MP: 6/6
  3905 | D:4      | Noticed Sigmund
  3921 | D:4      | Killed Sigmund
  3922 | D:4      | Reached skill level 1 in Throwing
  3928 | D:4      | Reached XP level 7. HP: 36/44 MP: 8/8
  4146 | D:4      | Noticed Grinder
  4189 | D:4      | Paralysed by Grinder for 2 turns
  4196 | D:4      | Paralysed by Grinder for 5 turns
  4214 | D:4      | Killed Grinder
  4215 | D:4      | Reached skill level 6 in Fighting
  4215 | D:4      | Reached skill level 5 in Armour
  4563 | D:5      | Entered Level 5 of the Dungeon
  4607 | D:5      | Reached XP level 8. HP: 46/52 MP: 10/10
  4704 | D:5      | Noticed Pikel
  4728 | D:5      | Killed Pikel
  4729 | D:5      | Reached skill level 7 in Fighting
  4986 | D:5      | Reached skill level 5 in Maces & Flails
  5107 | D:5      | Found an iron altar of Okawaru.
  5282 | D:5      | Reached * piety under the Shining One
  5524 | D:6      | Reached XP level 9. HP: 59/59 MP: 12/12
  5548 | D:6      | Found a shadowy altar of Dithmenos.
  5742 | D:6      | Found Zechemae's Distillery.
  5744 | D:6      | Found Lunnig's Book Emporium.
  5755 | D:6      | Reached skill level 8 in Fighting
  5776 | D:6      | Bought a potion of heal wounds for 55 gold pieces
  5776 | D:6      | Bought 2 potions of haste for 220 gold pieces
  6413 | D:6      | Noticed Blork the orc
  6419 | D:6      | Killed Blork the orc
  6973 | D:7      | Found a flagged portal.
  6982 | Bailey   | Entered a bailey
  7155 | Bailey   | Reached skill level 5 in Invocations
  7311 | Bailey   | Noticed an orc knight
  7400 | Bailey   | Noticed an orc knight
  7575 | D:7      | Identified the +2 leather armour of Responsibility {rC++}
  7658 | D:7      | Reached skill level 9 in Fighting
  7990 | D:8      | Reached XP level 10. HP: 62/66 MP: 12/14
  8260 | D:8      | Found a sacrificial altar of Ru.
  8337 | D:8      | Found Zioroevi's Magic Scroll Boutique.
  8354 | D:8      | Found an opulent altar of Gozag.
  8413 | D:8      | Reached ** piety under the Shining One
  8514 | D:8      | Noticed an eight-headed hydra
  8823 | D:8      | Identified the ring of Roasuuti {rF+ rC+ Int+4 Stlth+}
  8882 | D:8      | Reached skill level 10 in Fighting
  8882 | D:8      | Reached skill level 5 in Throwing
  9493 | D:10     | Entered Level 10 of the Dungeon
  9782 | D:9      | Noticed a two-headed ogre
 10031 | D:10     | Noticed Josephine
 10049 | D:9      | Noticed an unseen horror
 10052 | D:9      | Noticed a cyclops
 10052 | D:9      | Noticed a four-headed hydra
 10057 | D:9      | Noticed a two-headed ogre
 10062 | D:9      | HP: 3/68 [troll (10)]
 10062 | D:9      | Mangled by a troll

Illustrated notes

Levels and vault maps discovered:
D:1:      mushboom_english_gardens, layout_basic, chequers_big_river
D:2:      wad_woods_pond, layout_basic, serial_rivers,
          chequers_serial_rivers_micro_e, chequers_serial_rivers_micro_a,
          chequers_serial_rivers_room_b, chequers_serial_rivers_marsh,
          dreamdust_ecumenical_altar_drowned_temple, grunt_decor_cap,
          minmay_heptomino_d4
D:3:      wad_lake_hut, layout_loops_ring, pf_just_have_faith,
          lemuel_zombie_altar_yredelemnul, ebering_ghost_reflecting_pool
D:4:      layout_basic, minmay_temple_entry_glass, st_stairs_6,
          minmay_a_box_with_orc_wizards_in_it, uniq_grinder, uniq_sigmund
D:5:      layout_gridville, okawaru_metal_pillars_3, serial_bayou,
          serial_bayou_pond_a, serial_bayou_pond_b, serial_bayou_shore_b,
          serial_bayou_pond_a, uniq_pikel
D:6:      layout_basic, nicolae_dithmenos_through_a_glass_darkly, serial_shops,
          shop, shop, uniq_blork_the_orc
D:7:      layout_cave_pools, enter_bailey_2
D:8:      layout_cave_pools, lemuel_round_altar, nicolae_gozag_seed_capital,
          serial_shops, nicolae_shop_statue_plus, kennysheep_big_empty_room,
          grunt_ministairs_10, nzn_random_ring
D:9:      minmay_the_grid_square_5x5_3x3
          [minmay_the_grid_square_5x5_checkered_sparse,
          minmay_the_grid_square_5x5_v, minmay_the_grid_square_5x5_eight,
          minmay_the_grid_square_5x5_one_wall,
          minmay_the_grid_square_5x5_megaprize_diamond,
          minmay_the_grid_square_5x5_broken_cross,
          minmay_the_grid_square_5x5_pentomino_r,
          minmay_the_grid_square_5x5_spiral,
          minmay_the_grid_square_5x5_beaten_path], layout_rooms,
          mainiacjoe_overflow_cross_hatched, dpeg_lair_monsters
D:10:     layout_layer_cave, nicolae_vehumet_altar_sigil,
          nzn_hepliaklqana_mist_gate, david_orc_3, serial_rivers,
          chequers_serial_rivers_micro_b, chequers_serial_rivers_marsh,
          chequers_serial_rivers_small_b, chequers_serial_rivers_micro_a,
          chequers_serial_rivers_small_b, uniq_josephine

Skill      XL: |  1  2  3  4  5  6  7  8  9 10 |
---------------+-------------------------------+-----
Fighting       | 4 5 6 7 9 10 | 10.4
Armour         | 4 5 6 7 |  7.8
Shields        | 4 |  4.0
Maces & Flails | 3 4 5 6 8 |  8.3
Invocations    | 1 2 4 5 6 |  6.4
Throwing       | 1 2 3 4 5 |  5.0

Action                     |  1- 3 |  4- 6 |  7- 9 | 10-12 || total
---------------------------+-------+-------+-------+-------++-------
  Melee: Flail             |    51 |   164 |    91 |       ||   306
         Short sword       |   104 |       |       |       ||   104
         Dagger            |     8 |       |       |       ||     8
         Whip              |       |       |   303 |   252 ||   555
  Throw: Boomerang         |       |     4 |    35 |    15 ||    54
 Invoke: Divine Shield     |       |       |       |     1 ||     1
  Evoke: Wand              |       |       |    16 |     5 ||    21
    Use: Potion            |       |     5 |     1 |     2 ||     8
         Scroll            |       |       |     7 |     6 ||    13
   Stab: Invisible         |       |     1 |       |       ||     1
 Armour: Scale mail        |    95 |       |       |       ||    95
         Plate armour      |    43 |   199 |   367 |   126 ||   735
         Skin              |       |    26 |     5 |       ||    31
         Leather armour    |       |       |       |    95 ||    95
  Dodge: Dodged            |    82 |    53 |   135 |   134 ||   404
  Block: Buckler           |    26 |    50 |   107 |    68 ||   251
